 Dungeon Crawl Stone Soup version 0.18.1-48-g4cf74bf (webtiles) character file.

4350 Heedrag the Carver (level 10, -5/90 HPs)
             Began as a Minotaur Fighter on Aug 5, 2016.
             Was a Believer of Okawaru.
             Slain by Inkary's ghost (24 damage)
             ... on level 8 of the Dungeon.
             The game lasted 00:15:25 (6654 turns).

Heedrag the Carver (Minotaur Fighter)               Turns: 6654, Time: 00:15:25

Health: -5/90      AC: 19    Str: 24    XL:     10   Next: 12%
Magic:  8/10       EV: 11    Int:  5    God:    Okawaru [**....]
Gold:   423        SH: 12    Dex: 10    Spells: 0 memorised, 9 levels left

rFire  + . .     SeeInvis +     C - +2 long sword (protect)
rCold  . . .     Gourm    +     b - +0 scale mail
rNeg   . . .     Faith    .     c - +0 shield
rPois  .         Spirit   .     (helmet restricted)
rElec  .         Dismiss  .     R - +0 cloak
rCorr  .         Reflect  .     (no gloves)
SustAt .         Harm     .     k - +2 pair of boots
MR     .....                    D - amulet of the gourmand
Stlth  +.........               M - ring of protection from fire
                                m - ring of see invisible

@: heroism, not resistant to hostile enchantments, very unstealthy
A: retaliatory headbutt, horns 2
a: Heroism, Renounce Religion


You were on level 8 of the Dungeon.
You worshipped Okawaru.
Okawaru was pleased with you.
You were completely stuffed.

You visited 2 branches of the dungeon, and saw 9 of its levels.

You collected 423 gold pieces.

Inventory:

Hand Weapons
 a - a +0 long sword
 C - a +2 long sword of protection (weapon)
Armour
 b - a +0 scale mail (worn)
 c - a +0 shield (worn)
 k - a +2 pair of boots (worn)
 R - a +0 cloak (worn)
Jewellery
 m - a ring of see invisible (left hand)
 q - an uncursed amulet of magic regeneration
 D - an amulet of the gourmand (around neck)
 I - a +3 ring of protection
 J - an uncursed ring of resist corrosion
 M - a ring of protection from fire (right hand)
Wands
 F - a wand of flame (32/48)
 O - a wand of lightning (3/15)
 T - a wand of slowing (11/48)
 W - a wand of flame (21/48)
 X - a wand of slowing (20/48)
Scrolls
 e - a scroll of fear {unknown}
 h - 6 scrolls of identify {unknown}
 n - a scroll of fog {unknown}
 p - a scroll of noise {unknown}
 t - 2 scrolls of teleportation {unknown}
 u - 2 scrolls of random uselessness {unknown}
 y - 5 scrolls of blinking {unknown}
 H - 3 scrolls of amnesia {unknown}
 K - 2 scrolls of enchant armour {unknown}
 Q - 2 scrolls of enchant weapon {unknown}
 V - a scroll of remove curse {unknown}
Potions
 d - 3 potions of might
 g - 2 potions of brilliance {unknown}
 i - 6 potions of curing {unknown}
 l - 3 potions of lignification {unknown}
 o - a potion of cure mutation {unknown}
 r - a potion of berserk rage {unknown}
 s - 2 potions of flight {unknown}
 v - 4 potions of degeneration {unknown}
 w - a potion of ambrosia {unknown}
 z - 3 potions of mutation {unknown}
 A - 3 potions of heal wounds
 B - a potion of resistance {unknown}
 E - a potion of cancellation {unknown}
 G - a potion of beneficial mutation {unknown}
 S - a potion of magic {unknown}
 U - a potion of agility {unknown}
Books
 P - a book of Death

   Spells                             Type                      Level
   a - Corpse Rot                     Necromancy                   2
   b - Sublimation of Blood           Necromancy                   2
   c - Agony                          Necromancy                   5
   d - Dispel Undead                  Necromancy                   5
   e - Excruciating Wounds            Charms/Necromancy            5
   f - Bolt of Draining               Conjuration/Necromancy       5
Comestibles
 f - 4 bread rations
 j - 2 meat rations
 x - 4 fruits
 L - 2 slices of pizza
 N - a beef jerky
 Y - 6 mutagenic chunks of flesh
 Z - a chunk of flesh


   Skills:
 + Level 8.5(13.5) Fighting
 * Level 12.9(17.9) Long Blades
 + Level 8.2(13.2) Armour
 + Level 5.2(10.2) Shields
 + Level 1.3(6.3) Unarmed Combat
 + Level 2.1 Invocations


You had 9 spell levels left.
You didn't know any spells.

Dungeon Overview and Level Annotations

Branches:
Dungeon (8/15)             Temple (1/1) D:5
   Lair: D:8-11

Altars:
Ashenzari
Cheibriados
Dithmenos
Elyvilon
Fedhas
Gozag
Kikubaaqudgha
Makhleb
Nemelex Xobeh
Okawaru
Qazlal
Ru
Sif Muna
Trog
Vehumet
Xom
Yredelemnul
Zin
The Shining One

Shops:
D:7 *

Annotations:
D:7 dearth's ghost, novice HOFi
D:8 Inkary's ghost, novice OgFi


Innate Abilities, Weirdness & Mutations

You reflexively headbutt those who attack you in melee.
You have a pair of horns on your head.


Message History

Inkary's ghost be heavily damaged.
Inkary's ghost hits ye but does nay damage.
Ye miss Inkary's ghost.
Ye headbutt Inkary's ghost, but do nay damage.
Inkary's ghost be heavily damaged.
Inkary's ghost barely misses ye.
Ye slash Inkary's ghost!
Yer headbutt misses Inkary's ghost.
Inkary's ghost be heavily damaged.
Inkary's ghost hits ye!
Ye hit Inkary's ghost but do nay damage.
Ye headbutt Inkary's ghost, but do nay damage.
Inkary's ghost be heavily damaged.
Ye hit Inkary's ghost.
Yer headbutt misses Inkary's ghost.
Inkary's ghost be heavily damaged.
Inkary's ghost hits ye!
* * * LOW HITPOINT WARNIN'
* * * Ye hit Inkary's ghost.
Yer headbutt misses Inkary's ghost.
Inkary's ghost be heavily damaged.
Inkary's ghost hits ye!!
Ye die...

##.###########.#.....#
#.# #.#.##..# ##.#
#######.####..# .#..
...........#..# ####
#######.##....#
#.####.## #.#....#
#.#.#### #.#@#
#.#.W..[# #.#####.#
#..


You could see Inkary's ghost.

Vanquished Creatures
  The ghost of dearth the Chopper, a novice HOFi (D:4)
  Joseph (D:7)
  Prince Ribbit (D:6)
  Sigmund (D:3)
  A wyvern (D:8)
  2 steam dragons (D:5)
  Duvessa (D:6)
  An ice beast (D:7)
  A phantom (D:8)
  3 sky beasts
  A black bear (D:6)
  An orc warrior (D:7)
  5 ogres
  2 centaurs
  6 giant frogs
  Dowan (D:6)
  2 scorpions (D:4)
  5 howler monkeys (D:7)
  2 crimson imps (D:8)
  A quasit (D:8)
  2 jellies
  2 hounds
  4 orc priests
  A gnoll shaman (D:6)
  Jessica (D:3)
  Ijyb (D:3)
  2 iguanas
  4 worker ants
  4 orc wizards
  A hound skeleton (D:3)
  A worker ant zombie (D:6)
  8 gnolls
  4 adders
  A shadow imp (D:7)
  2 oozes
  An adder zombie (D:5)
  An adder skeleton (D:4)
  3 worms
  3 giant geckos
  30 orcs
  A ball python (D:7)
  6 giant cockroaches
  8 goblins
  3 hobgoblins
  4 jackals
  4 quokkas
  5 bats
  A giant gecko skeleton (D:5)
  4 giant newts
  A jackal skeleton (D:4)
  5 kobolds
  8 rats
165 creatures vanquished.

Notes
Turn   | Place    | Note
--------------------------------------------------------------
     0 | D:1      | Heedrag the Minotaur Fighter began the quest for the Orb.
     0 | D:1      | Reached XP level 1. HP: 19/19 MP: 0/0
   151 | D:1      | Reached skill level 3 in Long Blades
   381 | D:1      | Reached XP level 2. HP: 26/26 MP: 1/1
   685 | D:2      | Reached skill level 4 in Long Blades
   807 | D:2      | Reached XP level 3. HP: 31/31 MP: 2/2
  1275 | D:3      | Reached skill level 5 in Long Blades
  1312 | D:3      | Noticed Sigmund
  1337 | D:3      | Killed Sigmund
  1337 | D:3      | Reached skill level 7 in Long Blades
  1337 | D:3      | Reached XP level 4. HP: 3/39 MP: 3/3
  1337 | D:3      | Reached XP level 5. HP: 4/45 MP: 4/4
  1740 | D:3      | Noticed Ijyb
  1750 | D:3      | Killed Ijyb
  1750 | D:3      | Reached XP level 6. HP: 45/51 MP: 5/5
  1990 | D:3      | Noticed Jessica
  2000 | D:3      | Killed Jessica
  2346 | D:4      | Reached skill level 8 in Long Blades
  2504 | D:4      | HP: 2/53 [ogre/giant club (13)]
  2505 | D:4      | Reached XP level 7. HP: 3/60 MP: 6/6
  2853 | D:4      | Noticed dearth's ghost (novice HOFi)
  2866 | D:4      | Killed dearth's ghost
  2866 | D:4      | Reached skill level 5 in Fighting
  2866 | D:4      | Reached skill level 9 in Long Blades
  2866 | D:4      | Reached skill level 5 in Armour
  2989 | D:4      | Reached XP level 8. HP: 69/69 MP: 7/7
  3176 | D:5      | Entered Level 5 of the Dungeon
  3302 | D:5      | Found a staircase to the Ecumenical Temple.
  3323 | Temple   | Entered the Ecumenical Temple
  3490 | Temple   | Became a worshipper of Warmaster Okawaru
  3606 | D:5      | Reached skill level 10 in Long Blades
  4134 | D:6      | Found a shadowy altar of Dithmenos.
  4228 | D:6      | Reached skill level 11 in Long Blades
  4253 | D:6      | Noticed Duvessa
  4256 | D:6      | Noticed Dowan
  4261 | D:6      | Killed Duvessa
  4261 | D:6      | Reached * piety under Okawaru
  4264 | D:6      | Killed Dowan
  4311 | D:6      | Noticed Prince Ribbit
  4325 | D:6      | Killed Prince Ribbit
  4325 | D:6      | Reached XP level 9. HP: 76/79 MP: 8/8
  4545 | D:6      | Found an opulent altar of Gozag.
  4545 | D:6      | Found a deep blue altar of Sif Muna.
  4545 | D:6      | Found a basalt altar of Yredelemnul.
  4545 | D:6      | Found a snail-covered altar of Cheibriados.
  4557 | D:6      | Found a shadowy altar of Dithmenos.
  4557 | D:6      | Found an ancient bone altar of Kikubaaqudgha.
  4890 | D:6      | Reached skill level 12 in Long Blades
  4899 | D:6      | Reached ** piety under Okawaru
  5311 | D:7      | Noticed dearth's ghost (novice HOFi)
  5688 | D:7      | Found a radiant altar of Vehumet.
  5689 | D:7      | Noticed Joseph
  5697 | D:7      | Killed Joseph
  5697 | D:7      | Reached skill level 1 in Invocations
  5747 | D:7      | Found Tudiez's General Store.
  6400 | D:8      | Reached XP level 10. HP: 75/90 MP: 8/10
  6420 | D:8      | Reached skill level 5 in Shields
  6420 | D:8      | Reached skill level 1 in Unarmed Combat
  6529 | D:8      | Reached *** piety under Okawaru
  6636 | D:8      | Noticed Inkary's ghost (novice OgFi)
  6654 | D:8      | Slain by Inkary's ghost

Skill      XL: |  1  2  3  4  5  6  7  8  9 10 |
---------------+-------------------------------+-----
Long Blades    | 3 4 7 8 9 11 12 | 12.9
Fighting       | 4 5 7 8 |  8.5
Armour         | 4 5 7 8 |  8.2
Shields        | 4 5 |  5.2
Invocations    | 2 |  2.1
Unarmed Combat | 1 |  1.3

Action                   |  1- 3 |  4- 6 |  7- 9 | 10-12 || total
-------------------------+-------+-------+-------+-------++-------
Melee: Long sword        |    88 |   103 |   300 |    54 ||   545
       Headbutt          |    10 |    13 |    51 |     6 ||    80
Invok: Heroism           |       |       |     2 |     3 ||     5
  Eat: Chunk             |     1 |    14 |    13 |     1 ||    29
Armor: Scale mail        |    50 |    46 |   118 |    15 ||   229
Dodge: Dodged            |    32 |    33 |    68 |    12 ||   145
Block: Shield            |    44 |    55 |   118 |    18 ||   235
